 Dungeon Crawl Stone Soup version 0.19-a0-1815-g4007336 (webtiles) character file.

68 4thArraOfDagon the Slasher (level 4, -1/39 HPs)
             Began as a Minotaur Monk on Oct 5, 2016.
             Slain by an ice beast (13 damage)
             ... on level 7 of the Dungeon.
             The game lasted 00:02:09 (533 turns).

4thArraOfDagon the Slasher (Minotaur Monk)           Turns: 533, Time: 00:02:10

Health: -1/39      AC:  9    Str: 16    XL:     4   Next: 1%
Magic:  3/3        EV: 10    Int: 12    God:
Gold:   83         SH:  0    Dex: 12    Spells: 0 memorised, 3 levels left

rFire  + . .     SeeInvis .     a - +0 falchion
rCold  . . .     Gourm    .     f - +1 scale mail {rF+}
rNeg   + . .     Faith    .     (no shield)
rPois  .         Spirit   .     (helmet restricted)
rElec  .         Dismiss  .     (no cloak)
rCorr  .         Reflect  .     (no gloves)
MR     .....     Harm     .     k - +1 pair of boots of Dithmenos's Approval {rN+ Int+4}
Stlth  ..........               (no amulet)
                                (no ring)
                                (no ring)

@: no status effects
A: retaliatory headbutt, horns 2
a: no special abilities


You were on level 7 of the Dungeon.
You were not hungry.

You visited 1 branch of the dungeon, and saw 7 of its levels.

You collected 83 gold pieces.

Inventory:

Hand Weapons
 a - a +0 falchion (weapon)
Armour
 b - a +0 robe
 d - a +0 ring mail
 f - a +1 scale mail of fire resistance (worn)
 k - the +1 pair of boots of Dithmenos's Approval (worn) {rN+ Int+4}
   (You found it on level 4 of the Dungeon)

   It affects your intelligence (+4).
   It protects you from negative energy.
Potions
 e - 3 potions of brilliance {unknown}
 h - a potion of curing {unknown}
 j - a potion of heal wounds {unknown}
 l - a potion of agility {unknown}
Comestibles
 c - 2 bread rations
 i - 2 meat rations


   Skills:
 - Level 3.6 Fighting
 * Level 5.9 Long Blades
 - Level 3.2 Dodging
 - Level 1.5 Stealth


You had 3 spell levels left.
You didn't know any spells.

Dungeon Overview and Level Annotations

Branches:
Dungeon (7/15)
 Temple: D:4-7

Altars:

Annotations:
D:6 Dowan, Duvessa


Innate Abilities, Weirdness & Mutations

You reflexively headbutt those who attack you in melee.
You have a pair of horns on your head.


Message History

Unknown command.
Unknown command.
The ice beast hits you. The ice beast freezes you!
Unknown command.
There is a stone staircase leading down here.
Unknown command.
The adder skeleton bites you but does no damage.
The ice beast closely misses you. You furiously retaliate!
You headbutt the ice beast!
You climb downwards.
You hear the hiss of flowing sand.
There is an entrance to an ossuary on this level.
Hurry and find it before the portal is buried!
There is a stone staircase leading up here.
Unknown command.
Unknown command.
Found a lumpy brass amulet.
Unknown command.
It was a potion of cure mutation.
It has a very clean taste.
The ice beast hits you. The ice beast freezes you!
You die...

#. #. #. #.
#. #.
#.####
#.Y@.#
####.......
.##.... .#
... .. " ..
... ###


You could see an ice beast.

Vanquished Creatures
  A worker ant (D:4)
  3 adders
  A leopard gecko (D:4)
  2 goblins (D:3)
  A hobgoblin (D:3)
  4 jackals (D:5)
  2 bats
  A frilled lizard (D:4)
  A kobold (D:3)
  2 rats (D:3)
18 creatures vanquished.

Notes
Turn   | Place    | Note
-------+----------+-------------------------------------------
     0 | D:1      | 4thArraOfDagon the Minotaur Monk began the quest for the Orb.
     0 | D:1      | Reached XP level 1. HP: 19/19 MP: 0/0
    62 | D:2      | jacquesderrida: DAGIN'd
   124 | D:3      | Reached skill level 4 in Long Blades
   131 | D:3      | Reached XP level 2. HP: 25/26 MP: 1/1
   156 | D:3      | jacquesderrida: GOOD ITENS
   166 | D:3      | Reached skill level 5 in Long Blades
   324 | D:4      | Reached XP level 3. HP: 31/31 MP: 2/2
   352 | D:4      | Got a pair of spiked boots
   358 | D:4      | Identified the +1 pair of boots of Dithmenos's Approval {rN+ Int+4} (You found it on level 4 of the Dungeon)
   461 | D:5      | Entered Level 5 of the Dungeon
   477 | D:5      | Reached XP level 4. HP: 22/39 MP: 3/3
   519 | D:5      | You fall through a shaft!
   519 | D:6      | Noticed Duvessa
   519 | D:6      | Noticed Dowan
   519 | D:6      | Noticed a bullfrog
   520 | D:6      | 4thArraOfDagon: good altars
   526 | D:6      | Noticed an ice beast
   533 | D:7      | Slain by an ice beast

Vault maps used:
D:1:      ncdulo_halloftheorcs
D:2:      serial_co_window_serial, co_window_of_opportunity_a,
          co_window_paths_a, co_window_of_opportunity_a, co_window_paths_a,
          co_window_paths_a, co_window_corner_ca, co_window_paths_c,
          co_window_broadway_a, co_window_2corner, co_window_of_opportunity_c,
          co_window_corner_ca
D:3:      first_bread
D:4:      grunt_temple_overflow_diamond, dk_noncrumbling_3
D:5:      uniq_eustachio, uniq_menkaure, uniq_pikel
D:6:      nicolae_overflow_hidden_temple, uniq_duvessa, uniq_blork_the_orc
D:7:      okawaru_altar_gauntlet_db, old_standard_altar,
          nicolae_ossuary_entry_giza

Skill      XL: |  1  2 |
---------------+-------+-----
Long Blades    | 4 5 |  5.9
Fighting       | |  3.6
Dodging        | |  3.2
Stealth        | |  1.5

Action                   |  1- 3 |  4- 6 || total
-------------------------+-------+-------++-------
Melee: Falchion          |    43 |       ||    43
       Headbutt          |    12 |       ||    12
  Use: Scroll            |     3 |     1 ||     4
       Potion            |       |     1 ||     1
 Stab: Sleeping          |     1 |       ||     1
Armor: Ring mail         |     4 |       ||     4
       Robe              |     2 |       ||     2
       Scale mail        |    15 |     1 ||    16
Dodge: Dodged            |    19 |     2 ||    21
       Rpst.: Falchion   |     4 |       ||     4
